 Dungeon Crawl Stone Soup version 0.17-a0-1945-gfe993df (webtiles) character file.

35 esc the Insei (level 3, -1/23 HPs)
             Began as an Octopode Transmuter on Sept 30, 2015.
             Was a Follower of Vehumet.
             Slain by a gnoll
             ... wielding a +0 flail
              (10 damage)
             ... on level 3 of the Dungeon.
             The game lasted 00:02:50 (1777 turns).

esc the Insei (Octopode Transmuter)                 Turns: 1777, Time: 00:02:50

Health: -1/23      AC:  1    Str:  9    XL:     3   Next: 33%
Magic:  5/6        EV: 12    Int: 16    God:    Vehumet [*.....]
Gold:   150        SH:  0    Dex: 15    Spells: 1 memorised, 6 levels left

rFire  . . .     SeeInvis .       - Unarmed
rCold  . . .     Clarity  .     (no shield)
rNeg   . . .     SustAt   .     (helmet restricted)
rPois  .         Gourm    .     e - amulet of faith {Faith, !P}
rElec  .         Spirit   .     m - +3 ring of dexterity
rCorr  .         Warding  .     (no ring)
rMut   .         Stasis   .     (no ring)
MR     .....                    (no ring)
Stlth  ++........               (no ring)
                                (no ring)
                                (no ring)
                                (no ring)

@: appendage, flying, not resistant to hostile enchantments, unstealthy
A: almost no armour, amphibious, 8 rings, constrict 8, tentacle spike 3,
camouflage 1, gelatinous body 1
a: End Transformation, Renounce Religion


You were on level 3 of the Dungeon.
You worshipped Vehumet.
Vehumet was aware of your devotion.
You were not hungry.
One of your tentacles had a temporary spike.
You visited 1 branch of the dungeon, and saw 3 of its levels.

You collected 150 gold pieces.

Inventory:

Missiles
 a - 50 arrows
Jewellery
 e - an amulet of faith (around mantle) {Faith, !P}
   (You found it on level 1 of the Dungeon)
 m - a +3 ring of dexterity (left tentacle)
   (You found it on level 3 of the Dungeon)
Scrolls
 i - a scroll of immolation {unknown}
 j - 2 scrolls of identify
 l - 2 scrolls of teleportation
Potions
 d - 2 potions of curing {unknown}
 h - a potion of flight
 k - a potion of brilliance
Books
 b - a book of Changes
 g - a book of Summonings
   (You found it on level 2 of the Dungeon)
Comestibles
 c - a bread ration {@e1}
 f - 3 meat rations {@e2}


   Skills:
 + Level 1.5 Fighting
 + Level 2.2 Dodging
 + Level 3.0 Unarmed Combat
 + Level 2.5 Spellcasting
 + Level 2.6 Transmutations


You had 6 spell levels left.
You knew the following spells:

 Your Spells              Type           Power        Failure   Level  Hunger
a - Beastly Appendage     Trmt           ##....       10%         1    #......


Dungeon Overview and Level Annotations

Branches:
Dungeon (3/15)

Altars:
Trog
Vehumet


Innate Abilities, Weirdness & Mutations

You cannot wear most types of armour.
You are amphibious.
You can wear up to eight rings at the same time.
You can use your tentacles to constrict eight enemies at once.
Your skin changes colour to match your surroundings (Stealth).
Your rubbery body absorbs attacks (AC +1).
One of your tentacles bears a large vicious spike.


Message History

This altar will convert you to a god.
You cannot discern which.
Do you pray? Vehumet accepts your prayer! Vehumet welcomes you!
Your amulet flashes!
You can now gain magical power from killing.
Vehumet offers you knowledge of Sandblast.
Found a stone staircase leading down.
Found a bloodstained altar of Trog.
Found a glowing leather armour.
There is a bloodstained altar of Trog here.
Things that are here:
a dagger; an animal skin
Found a runed hunting sling.
A giant newt and a goblin come into view.
The goblin shouts!
A giant cockroach comes into view.
You tentacle-slap the giant newt.
You kill the giant newt!
Vehumet accepts your kill.
You tentacle-slap the goblin.
You kill the goblin!
Vehumet accepts your kill. The giant cockroach barely misses you.
Things that are here:
a dagger; a runed hunting sling; a goblin corpse You tentacle-slap the giant cockroach.
You grab the giant cockroach. You constrict the giant cockroach.
The giant cockroach barely misses you.
You tentacle-slap the giant cockroach. You constrict the giant cockroach.
You kill the giant cockroach!
Vehumet accepts your kill.
No target in view!
You butcher the goblin corpse.
n - a chunk of flesh {@w0}
Things that are here:
a dagger; a runed hunting sling; a goblin skeleton There isn't anything to butcher here.
A kobold comes into view. It is wielding a whip.
The kobold shouts!
You tentacle-slap the kobold.
You kill the kobold!
Vehumet accepts your kill.
No target in view!
No target in view!
You see here a whip.
Eating a chunk of flesh {@w0}.
You continue eating. x2
f - 3 meat rations {@e2} (gained 1)
You see here a war axe.
j - 2 scrolls of identify (gained 1)
A giant cockroach comes into view.
You see here a scroll of teleportation.
l - 2 scrolls of teleportation (gained 1)
A hobgoblin comes into view. It is wielding a club.
The helpless giant cockroach fails to defend itself.
You tentacle-slap the giant cockroach. You grab the giant cockroach.
You constrict the giant cockroach, but do no damage.
The giant cockroach bites you.
You take 1 damage, and have 22/23 hp.
You tentacle-slap the giant cockroach but do no damage.
You constrict the giant cockroach, but do no damage.
The giant cockroach completely misses you.
You barely miss the giant cockroach.
You tentacle-slap the giant cockroach, but do no damage.
You constrict the giant cockroach. The giant cockroach closely misses you.
You tentacle-slap the giant cockroach.
You kill the giant cockroach!
Vehumet accepts your kill.
Unknown command.
The hobgoblin shouts!
The hobgoblin moves out of view.
No target in view!
No target in view!
The hobgoblin hits you with a club.
A rat comes into view.
You take 4 damage, and have 18/23 hp.
You barely miss the hobgoblin. Your grab misses the hobgoblin.
The hobgoblin closely misses you.
You tentacle-slap the hobgoblin. You grab the hobgoblin.
You constrict the hobgoblin, but do no damage.
The hobgoblin hits you with a club.
A gnoll comes into view. It is wielding a flail.
You take 4 damage, and have 14/23 hp.
The gnoll shouts!
You bludgeon the hobgoblin!
You kill the hobgoblin!
Vehumet accepts your kill.
You hear a shout!
You barely miss the rat. Your grab misses the rat. The rat barely misses you.
The gnoll drinks a potion.
The gnoll goes berserk!
One of your tentacles grows a vicious spike.
The rat misses you.
You now have 5/6 mp.
Drink which item? (? for menu, Esc to quit)
You can't drink that!
Drink which item? (? for menu, Esc to quit)
It was a potion of flight.
You feel very buoyant.
You fly up into the air.
The gnoll hits you with a flail. The rat closely misses you.
The gnoll hits you with a flail!
You die...

#..# ..# #
######..####..# ###.
#.............. ?..#
#.####.)##....#
#+#..##.####..##....#
##.##..#.##....#......
##)..##.......#.#......
##....g##..##..#.#......
....⌠.r@.........###...#
###...###..##..#####...#
#.. #..##......[.... #.
#..##.#######..# #
......# #..#
##.....#######..#
+..............#
#..#...........#
................


You could see a gnoll (berserk) and a rat.

Vanquished Creatures
  A worm (D:3)
  2 giant cockroaches (D:3)
  5 hobgoblins
  A quokka (D:2)
  A ball python (D:1)
  3 bats (D:2)
  2 giant newts
  6 goblins
  4 jackals (D:1)
  5 kobolds
30 creatures vanquished.

Notes
Turn   | Place    | Note
--------------------------------------------------------------
     0 | D:1      | esc the Octopode Transmuter began the quest for the Orb.
     0 | D:1      | Reached XP level 1. HP: 13/13 MP: 3/3
   408 | D:1      | Reached XP level 2. HP: 16/18 MP: 5/5
   787 | D:2      | HP: 2/18 [hobgoblin/club (5)]
  1335 | D:2      | Reached XP level 3. HP: 23/23 MP: 6/6
  1485 | D:3      | Found a faded altar to an unknown god.
  1618 | D:3      | Became a worshipper of Vehumet
  1618 | D:3      | Acquired Vehumet's first power
  1618 | D:3      | Offered knowledge of Sandblast by Vehumet.
  1692 | D:3      | Found a bloodstained altar of Trog.
  1777 | D:3      | Slain by a gnoll

Vault maps used:
D:1:      lightli_arrival_boilingwater
D:3:      tgw_sif, bloody_trog, first_bread, ecumenical_altar_1,
          grunt_ministairs_15

Action                   || total
-------------------------++-------
Melee: Unarmed           ||    70
 Cast: Beastly Appendage ||     1
  Use: Scroll            ||     6
       Potion            ||     1
 Stab: Sleeping          ||     9
  Eat: Chunk             ||     3

Vault maps used:
D:1:      lightli_arrival_boilingwater
D:3:      tgw_sif, bloody_trog, first_bread, ecumenical_altar_1,
          grunt_ministairs_15

Table legend:
 A = Turns spent in this place as a percentage of turns spent in the entire game.
 B = Non-inter-level travel turns spent in this place as a percentage of non-inter-level travel turns spent in the entire game.
 C = Inter-level travel turns spent in this place as a percentage of turns spent in this place.
 D = Turns resting spent in this place as a percentage of non-inter-level travel turns spent in this place.
 E = Turns spent auto-exploring this place as a percentage of non-inter-level travel turns spent in this place.
 F = Non-inter-level travel turns spent in this place divided by the number of levels of this place that you've seen.
                   A       B       C       D       E      F
               +-------+-------+-------+-------+-------+----------------------
         Total | 100.0 | 100.0 |   0.9 |   1.8 |  16.4 | 109.7
       Dungeon | 100.0 | 100.0 |   0.9 |   1.8 |  16.4 | 109.7
               +-------+-------+-------+-------+-------+----------------------

Table legend:
 A = Kills in this place as a percentage of kills in entire the game.
 B = Kills by you in this place as a percentage of kills by you in the entire game.
 C = Kills by friends in this place as a percentage of kills by friends in the entire game.
 D = Other kills in this place as a percentage of other kills in the entire game.
 E = Experience gained in this place as a percentage of experience gained in the entire game.
 F = Experience gained in this place divided by the number of levels of this place that you have seen.
                   A       B       C       D       E      F
               +-------+-------+-------+-------+-------+----------------------
         Total | 100.0 | 100.0 |  -nan |  -nan | 100.0 |  16.7
       Dungeon | 100.0 | 100.0 |  -nan |  -nan | 100.0 |  16.7
               +-------+-------+-------+-------+-------+----------------------
